 Dungeon Crawl Stone Soup version 0.28-a0-834-g1a73be5ee4 (webtiles) character file.

Game seed: 18082063398245729152

8760 MacCMillion the Blocker (level 11, -11/84 HPs)
             Began as a Djinni Venom Mage on Nov 11, 2021.
             Was a Believer of Ashenzari.
             Shot with an arrow by a centaur warrior (21 damage)
             ... on level 9 of the Dungeon.
             The game lasted 01:19:05 (16287 turns).

MacCMillion the Blocker (Djinni Venom Mage)        Turns: 16287, Time: 01:19:06

Health: -11/84     AC:  8    Str:  9    XL:     11   Next: 61%
Gold:   427        EV: 17    Int: 18    God:    Ashenzari [**....] SH:  0 Dex: 14

rFire   + + .      SeeInvis +   x - +2 dagger "Shackled Restlessness" {venom, Melee, Cun} (curse)
rCold   x . .      Faith    .   (no shield)
rNeg    . . .      Spirit   .   E - +0 steam dragon scales of the Fated Entitlement {Evo, Cun} (curse)
rPois   ∞          Reflect  .   C - +2 helmet
rElec   .          Harm     .   (no cloak)
rCorr   .          Rampage  .   (no gloves)
Will    +....                   (boots unavailable)
Stlth   +++.......              (no amulet)
HPRegen 0.24/turn               K - ring "Ensconced Together" {EV+4, Fort, Evo} (curse)
MPRegen 0.00/turn               (no ring)

@: flying
A: sickness immunity, fire resistance 2, cold vulnerability 1, float, innate
caster, hp casting, extra vitality 1
a: Renounce Religion, Shatter the Chains


You were on level 9 of the Dungeon.
You worshipped Ashenzari.
Ashenzari was pleased with you.
You visited 2 branches of the dungeon, and saw 10 of its levels.
You also visited: Ossuary.

You collected 427 gold pieces.

Inventory:

Hand Weapons
 e - a +0 short sword of freezing
 g - a +1 dagger
 x - the cursed +2 dagger "Shackled Restlessness" (weapon) {venom, Melee, Cun}
   (You took it off an orc on level 8 of the Dungeon)

   It poisons the flesh of those it strikes.
   It has a curse which improves the following skills: Melee Combat: Short
   Blades, Long Blades, Axes, Maces & Flails, Polearms, Staves and Unarmed
   Combat.
   Cunning:   Dodging and Stealth.
Missiles
 i - 35 poisoned darts
 l - a curare-tipped dart
 m - 3 javelins
 p - 5 boomerangs
 w - 121 stones
 A - 4 throwing nets
Armour
 a - a +0 robe
 h - a +0 kite shield
 t - +0 fire dragon scales
 C - a +2 helmet (worn)
 E - the cursed +0 steam dragon scales of the Fated Entitlement (worn) {Evo, Cun}
   (You took it off Maggie on level 8 of the Dungeon)

   It has a curse which improves the following skills: Evocations: Evocations.
   Cunning:   Dodging and Stealth.
Magical Staves
 o - a staff of air
 I - a staff of death
 J - a staff of conjuration
Jewellery
 K - the cursed ring "Ensconced Together" (left hand) {EV+4, Fort, Evo}
   (You found it on level 9 of the Dungeon)

   [ring of evasion]

   EV:        It affects your evasion (+4).
   It has a curse which improves the following skills: Fortitude: Armour and
   Shields.
   Evocations: Evocations.
Wands
 n - a wand of charming (9)
 y - a wand of digging (6)
 B - a wand of iceblast (7)
 D - a wand of paralysis (7)
 F - a wand of mindburst (5)
 H - a wand of acid (5)
Scrolls
 b - a scroll of enchant armour
 c - 2 scrolls of identify
 d - 2 scrolls of vulnerability
 q - 4 scrolls of enchant weapon
 s - a scroll of silence
Potions
 f - 4 potions of lignification
 j - 2 potions of cancellation
 k - a potion of invisibility
 r - 2 potions of flight
 u - a potion of attraction
 v - a potion of curing
 z - a potion of brilliance
 G - a potion of resistance


   Skills:
 + Level 9.3 Fighting
 - Level 2.2(4.0) Dodging
 - Level 4.5(6.7) Stealth
 * Level 9.3(10.8) Shields
 - Level 8.4 Spellcasting


You had 2 spell levels left.
You knew the following spells:

 Your Spells              Type           Power      Damage    Failure   Level
a - Sting                 Tmut/Pois      100%       1d8       1%          1
b - Poisonous Vapours     Pois/Air       74%        N/A       1%          2
c - Mephitic Cloud        Conj/Pois/Air  37%        N/A       1%          3
d - Olgreb's Toxic Radia  Pois           37%        N/A       3%          4
e - Shock                 Conj/Air       100%       1d9       1%          1
g - Call Imp              Summ           37%        N/A       1%          2
h - Summon Ice Beast      Ice/Summ       37%        N/A       3%          4
i - Silence               Hex/Air        18%        N/A       9%          5
y - Blink                 Tloc           74%        N/A       1%          2
Your spell library was empty.

Dungeon Overview and Level Annotations

Branches:
Dungeon (9/15)             Temple (1/1) D:4             Orc (0/2) D:9
Ossuary (visited)
   Lair: D:8-11

Altars:
Ashenzari
Cheibriados
Dithmenos
Elyvilon
Fedhas
Gozag
Hepliaklqana
Kikubaaqudgha
Makhleb
Nemelex Xobeh
Okawaru
Qazlal
Ru
Sif Muna
Uskayaw
Vehumet
Wu Jian
Xom
Yredelemnul
Zin
The Shining One
Beogh

Shops:
D:6 *

Annotations:
D:5 Prince Ribbit
D:8 3 runed translucent doors, 2 transporters, 1994's ghost, novice DgBr; Grim's ghost, novice DsTm; juzbaz's ghost, novice GnWn; paps's ghost, novice OpDe; puimuR's ghost, novice HOMo
D:9 exclusion: gargoyle, Joseph


Innate Abilities, Weirdness & Mutations

You are immune to sickness and miasma.
You are immune to poison.
Your flesh is very heat resistant. (rF++)
You are vulnerable to cold. (rC-)
You float through the air rather than walking.
You learn spells naturally, not from books.
Your magical power is your life essence.
You have superior vitality. (+4 HP)


Message History

The centaur warrior shoots an arrow.
The arrow hits your ice beast!
Casting: Summon Ice Beast (dangerous; 3% risk of failure)
Confirm with . or Enter, or press ? or * to list all spells.
A chill wind blows around you.
* * * LOW HITPOINT WARNING * * *
The centaur warrior wields a +0 shortbow.
The centaur warrior shoots an arrow.
The arrow barely misses you.
You swap places.
The centaur warrior shoots an arrow.
The arrow hits your ice beast!!
Casting: Summon Ice Beast (dangerous; 3% risk of failure)
Confirm with . or Enter, or press ? or * to list all spells.
Aiming: Poisonous Vapours (safe; 1% risk of failure)
Press: ? - help, Dir - move target, f/p - centaur warrior
Aim: a centaur warrior, wielding a +0 shortbow and quivering arrows (severely wounded, poisoned, ally target) Poisonous vapours surround the centaur warrior!
The centaur warrior looks even sicker.
* * * LOW HITPOINT WARNING * * *
The centaur warrior shoots an arrow.
The arrow hits your ice beast!
The centaur warrior unwields a +0 shortbow.
The centaur warrior hits your ice beast!
Your ice beast dies!
Your ice beast disappears in a puff of smoke!
Casting: Poisonous Vapours (safe; 1% risk of failure)
Confirm with . or Enter, or press ? or * to list all spells.
A chill wind blows around you.
* * * LOW HITPOINT WARNING * * *
You swap places.
The centaur warrior wields a +0 shortbow.
The centaur warrior shoots an arrow.
The arrow hits your ice beast!!
Casting: Summon Ice Beast (dangerous; 3% risk of failure)
Confirm with . or Enter, or press ? or * to list all spells.
Okay, then.
The centaur warrior shoots an arrow.
The arrow misses your ice beast. The arrow hits you.
* * * LOW HITPOINT WARNING * * *
The centaur warrior shoots an arrow.
The arrow hits your ice beast!
Your ice beast dies!
Your ice beast disappears in a puff of smoke!
The centaur warrior shoots an arrow.
The arrow hits you!!
You die...

...<.# #.#.......<)...cY#####.##.
.....# #.#.##.##.######.......##.
.....# #.#.##.##.# ####.#####.
.....# #.#.#..##.# #.# #. .....#
#.#.#.###.# #c# ## ....## #.#.#.#
#.# #Y# ###(# #.#.#.###.# #.# #.#
#.........# #.###### #.#
###.#.###@#########......# #.#
#.#># #....§..c...###'## #.#
#.#.# #############.....
###.######.#.# ##.......
...........#.############..⌠.....
........................#.....8..
##########################._.###.
# ##### ##


You could see a centaur warrior (very poisoned).

Vanquished Creatures
  Harold (D:8)
  Erolcha (D:9)
  A two-headed ogre (D:9)
  Maggie (D:8)
  2 trolls (D:9)
  2 wyverns (D:9)
  4 yaks (D:9)
  Grum (D:8)
  A water moccasin (D:5)
  A necrophage (D:4)
  5 orc warriors
  3 ogres
  2 wolves (D:8)
  2 centaurs
  A phantom (D:6)
  A kobold brigand (D:7)
  A gnoll sergeant (D:8)
  8 scorpions
  A wyvern skeleton (D:7)
  An elf skeleton (D:5)
  A howler monkey (D:7)
  3 centaur zombies
  3 human zombies
  6 orc priests
  2 jellies
  A bullfrog skeleton (D:6)
  4 iguanas
  5 orc wizards
  4 scorpion zombies (Ossuary)
  A killer bee zombie (D:8)
  A howler monkey skeleton (D:3)
  4 gnolls (D:8)
  4 adders
  An ufetubus (D:6)
  An adder skeleton (D:4)
  An adder zombie (D:5)
  3 worms
  2 dart slugs (D:3)
  28 orcs
  5 endoplasms
  4 giant cockroaches
  6 gnoll zombies (Ossuary)
  5 hobgoblins
  4 jackals (D:2)
  2 quokkas
  5 ball pythons
  2 bats (D:2)
  A frilled lizard (D:2)
  8 goblins
  A goblin zombie (Ossuary)
  A hobgoblin zombie (Ossuary)
  7 kobolds
  A kobold zombie (Ossuary)
  An orc skeleton (D:5)
  2 orc zombies
  2 quokka skeletons (D:4)
  3 rats
175 creatures vanquished.

Vanquished Creatures (collateral kills)
  A gargoyle (D:8)
  A troll (D:9)
  A hornet (D:8)
  2 water moccasins (D:9)
  An orc warrior (D:7)
  An ice beast (D:5)
  2 sky beasts
  A wolf (D:8)
  A scorpion (Ossuary)
  A bullfrog zombie (D:7)
  3 centaur zombies
  A jelly (D:6)
  2 bullfrog skeletons (D:6)
  A human skeleton (D:5)
  An orc wizard (D:6)
  3 mummies (Ossuary)
  An orc (D:7)
  A gnoll zombie (Ossuary)
  A kobold (D:7)
  2 kobold zombies (Ossuary)
28 creatures vanquished.

Vanquished Creatures (others)
  A two-headed ogre (D:9)
  An orc (D:8)
2 creatures vanquished.

Grand Total: 205 creatures vanquished

Notes
Turn   | Place    | Note
-------+----------+-------------------------------------------
     0 | D:1      | MacCMillion the Djinni Venom Mage began the quest for the
                  | Orb.
     0 | D:1      | Reached XP level 1. HP: 15/15 MP: 0/0
   300 | D:1      | Reached XP level 2. HP: 11/21 MP: 0/0
  1195 | D:2      | Reached XP level 3. HP: 25/26 MP: 0/0
  1195 | D:2      | Learned a level 1 spell: Shock
  1672 | D:2      | Reached skill level 1 in Fighting
  2177 | D:2      | Reached XP level 4. HP: 30/32 MP: 0/0
  3003 | D:3      | Reached XP level 5. HP: 31/38 MP: 0/0
  3003 | D:3      | Learned a level 2 spell: Blink
  4103 | D:4      | Noticed a necrophage
  4118 | D:4      | Killed a necrophage
  4119 | D:4      | Reached XP level 6. HP: 31/45 MP: 0/0
  4515 | D:4      | Found a staircase to the Ecumenical Temple.
  4578 | Temple   | Entered the Ecumenical Temple
  5389 | D:5      | Entered Level 5 of the Dungeon
  5414 | D:5      | Reached XP level 7. HP: 17/50 MP: 0/0
  5414 | D:5      | Learned a level 2 spell: Call Imp
  5696 | D:5      | Reached skill level 5 in Spellcasting
  5774 | D:5      | Found a sand-covered staircase.
  5874 | Ossuary  | Entered an ossuary
  6789 | Ossuary  | Reached XP level 8. HP: 44/58 MP: 0/0
  7402 | Ossuary  | Reached skill level 5 in Fighting
  8400 | D:5      | Reached XP level 9. HP: 23/66 MP: 0/0
  8400 | D:5      | Learned a level 4 spell: Summon Ice Beast
  9021 | D:5      | Noticed Prince Ribbit
  9054 | D:5      | HP: 1/66 [Prince Ribbit (11)]
  9350 | D:6      | Found a broken altar of Ashenzari.
  9358 | D:6      | Became a worshipper of Ashenzari the Shackled
  9727 | D:6      | Found Cigy's Overcharged Wands.
 10513 | D:6      | Reached skill level 1 in Shields
 11765 | D:7      | Reached XP level 10. HP: 72/75 MP: 0/0
 11827 | D:8      | Found a runed translucent gate.
 11830 | D:8      | Reached * piety under Ashenzari
 12006 | D:8      | Noticed Harold
 12043 | D:8      | Killed Harold
 12044 | D:8      | Reached skill level 5 in Shields
 12203 | D:8      | Found a runed translucent gate.
 12203 | D:8      | Found a runed translucent gate.
 12204 | D:8      | Noticed 1994's ghost (novice DgBr)
 12204 | D:8      | Noticed paps's ghost (novice OpDe)
 12205 | D:8      | Noticed juzbaz's ghost (novice GnWn)
 12205 | D:8      | Noticed Grim's ghost (novice DsTm)
 12205 | D:8      | Noticed puimuR's ghost (novice HOMo)
 12267 | D:8      | Found a transporter.
 12271 | D:8      | Noticed a gargoyle
 12307 | D:8      | Found a transporter.
 12317 | D:8      | Noticed Maggie
 12561 | D:8      | Killed Maggie
 12674 | D:8      | Noticed Grum
 12687 | D:8      | Killed Grum
 13802 | D:9      | Reached XP level 11. HP: 80/84 MP: 0/0
 13802 | D:9      | Learned a level 5 spell: Silence
 13843 | D:9      | Noticed Joseph
 13902 | D:9      | Found a staircase to the Orcish Mines.
 14737 | D:9      | Noticed Erolcha
 14753 | D:9      | Killed Erolcha
 14889 | D:9      | Reached ** piety under Ashenzari
 14927 | D:9      | Found an iron altar of Okawaru.
 14928 | D:9      | Found a blossoming altar of Fedhas.
 15024 | D:9      | Reached *** piety under Ashenzari
 15176 | D:9      | Noticed a two-headed ogre
 15203 | D:9      | Killed a two-headed ogre
 15512 | D:8      | Found a runed translucent gate.
 15518 | D:8      | Found a runed translucent gate.
 15518 | D:8      | Found a runed translucent gate.
 15935 | D:8      | Found a transporter.
 16021 | D:8      | Found a transporter.
 16245 | D:9      | Noticed a two-headed ogre
 16259 | D:9      | Noticed a centaur warrior
 16268 | D:9      | Killed a two-headed ogre
 16287 | D:9      | Shot with an arrow by a centaur warrior

Illustrated notes

Levels and vault maps discovered:
D:1:      moated_graveyard_arrival, layout_loops_ring, minmay_misc_feat_chi
D:2:      layout_loops_ring, hangedman_decor_opposing
D:3:      layout_basic
D:4:      layout_basic, minmay_temple_entry_offerings
D:5:      layout_loops_ring, trog_antimagical, nicolae_ossuary_entry_catacombs,
          uniq_prince_ribbit1
D:6:      layout_basic, old_standard_altar, nicolae_shop_overcharged_wands
D:7:      layout_basic, eino_small_chamber_without_monster
D:8:      gammafunk_steamed_eel, layout_basic, gammafunk_ghost_cemetery,
          uniq_harold, uniq_grum, uniq_maggie
D:9:      minmay_bloctagon, layout_loops_ring, gammafunk_temple_overflow_pools,
          minmay_orc_entry_temple_small, corexii_hall_statues_t, uniq_joseph,
          uniq_erolcha
Temple:   mainiacjoe_temple_coin_purse

Skill      XL: |  1  2  3  4  5  6  7  8  9 10 11 |
---------------+----------------------------------+-----
Spellcasting   | 3 4 5 7 8 |  8.4
Stealth        | 2 4 |  4.5
Fighting       | 1 2 3 4 5 7 8 9 |  9.3
Shields        | 3 6 9 |  9.3
Dodging        | |  2.2

Action                   |  1- 3 |  4- 6 |  7- 9 | 10-12 || total
-------------------------+-------+-------+-------+-------++-------
Melee: Dagger            |     5 |    23 |    18 |     5 ||    51
 Cast: Sting             |    59 |    30 |     2 |       ||    91
       Shock             |       |    24 |   192 |    52 ||   268
       Poisonous Vapours |       |    25 |    62 |    69 ||   156
       Mephitic Cloud    |       |     1 |       |    12 ||    13
       Call Imp          |       |       |    41 |       ||    41
       Blink             |       |       |     4 |     6 ||    10
       Summon Ice Beast  |       |       |    13 |    27 ||    40
       Olgreb's Toxic Ra |       |       |     2 |     3 ||     5
Invok: Curse Item        |       |       |     1 |     3 ||     4
       Shatter the Chain |       |       |       |     1 ||     1
Evoke: Wand              |       |       |       |     1 ||     1
  Use: Scroll            |       |     5 |     9 |       ||    14
       Potion            |       |     1 |     2 |     1 ||     4
 Stab: Confused          |       |     1 |       |       ||     1
Armor: Robe              |     4 |     8 |    16 |     1 ||    29
       Steam dragon scal |       |       |       |     5 ||     5
Dodge: Dodged            |    15 |    24 |    66 |    33 ||   138

Table legend: (Time is in decaauts)
 A = Elapsed time spent in this place.
 B = Non-inter-level travel time spent in this place.
 C = Inter-level travel time spent in this place.
 D = Time resting spent in this place.
 E = Time spent auto-exploring this place.
 F = Levels seen in this place.
 G = Mean time per level.
                   A        B        C        D        E       F      G
               +--------+--------+--------+--------+--------+-----+--------+
         Total |  16269 |  16011 |    258 |   3084 |   9957 |  11 | 1479.0 |
       Dungeon |  14522 |  14277 |    245 |   2501 |   9252 |   9 | 1613.6 |
        Temple |    112 |     99 |     13 |      0 |     86 |   1 |  112.0 |
       Ossuary |   1633 |   1633 |      0 |    583 |    619 |   1 | 1633.0 |
               +--------+--------+--------+--------+--------+-----+--------+

Top non-repeatable levels by time:
     D:8: 2526 daAuts
     D:9: 1923 daAuts
     D:6: 1852 daAuts
     D:5: 1831 daAuts
     D:4: 1682 daAuts
 Ossuary: 1633 daAuts
     D:2: 1569 daAuts
     D:3: 1285 daAuts
     D:1: 941 daAuts
     D:7: 910 daAuts
  Temple: 112 daAuts
